 Dungeon Crawl Stone Soup version 0.17.1-3-g152610e (webtiles) character file.

829 azaza322 the Shield-Bearer (level 7, -2/44 HPs)
             Began as a Gargoyle Fighter on Mar 30, 2016.
             Slain by a gnoll
             ... wielding a +0 spear
              (4 damage)
             ... on level 5 of the Dungeon.
             The game lasted 00:18:10 (2980 turns).

azaza322 the Shield-Bearer (Gargoyle Fighter)       Turns: 2980, Time: 00:18:10

Health: -2/44      AC: 14    Str: 25    XL:     7   Next: 97%
Magic:  7/7        EV:  9    Int:  9    God:
Gold:   193        SH:  0    Dex: 10    Spells: 0 memorised, 6 levels left

rFire  . . .     SeeInvis .     a - +0 flail
rCold  . . .     Clarity  .     b - +0 scale mail
rNeg   + . .     SustAt   .     c - +0 shield
rPois  ∞         Gourm    .     l - +0 helmet
rElec  +         Spirit   .     (no cloak)
rCorr  .         Warding  .     u - +0 pair of gloves
rMut   .         Stasis   .     (no boots)
MR     .....                    (no amulet)
Stlth  ..........               (no ring)
                                g - ring of wizardry

@: confused, mighty, not resistant to hostile enchantments, extremely unstealthy
A: negative energy resistance 1, electricity resistance, unbreathing,
petrification resistance, rot immunity, AC +4
a: no special abilities


You were on level 5 of the Dungeon.
You were not hungry.

You visited 1 branch of the dungeon, and saw 5 of its levels.

You collected 193 gold pieces.

Inventory:

Hand Weapons
 a - a +0 flail (weapon)
Armour
 b - a +0 scale mail (worn)
 c - a +0 shield (worn)
 l - a +0 helmet (worn)
 u - a +0 pair of gloves (worn)
Jewellery
 g - a ring of wizardry (left hand)
Wands
 s - a wand of magic darts (28)
 t - a wand of lightning (11)
 v - a wand of fire (10)
Scrolls
 f - a scroll of amnesia {unknown}
 h - 3 scrolls of identify
 i - 2 scrolls of remove curse {unknown}
 j - a scroll of fog {unknown}
 n - a scroll of magic mapping {unknown}
 q - a scroll of blinking {unknown}
 r - a scroll of fear {unknown}
 y - a scroll of enchant weapon {unknown}
Potions
 o - a potion of lignification
 p - a potion of flight {unknown}
 w - a potion of magic
Comestibles
 e - 5 bread rations
 m - a beef jerky
 x - a chunk of flesh


   Skills:
 + Level 4.3 Fighting
 + Level 4.4 Maces & Flails
 + Level 4.8 Armour
 + Level 3.4 Dodging
 + Level 0.2 Stealth
 + Level 5.9 Shields


You had 6 spell levels left.
You didn't know any spells.

Dungeon Overview and Level Annotations

Branches:
Dungeon (5/15)
 Temple: D:4-7

Altars:
Gozag
Nemelex Xobeh
Okawaru
Qazlal
The Shining One


Innate Abilities, Weirdness & Mutations

You are resistant to torment.
Your stone body is resilient (AC +4).
You are immune to poison.
You resist negative energy.
You are resistant to electric shocks.
You can survive without breathing.
You are immune to petrification.
You are immune to rotting.


Message History

You kill the ogre!
The gnoll hits you but does no damage.
The orc wizard hits you but does no damage.
You hit the orc wizard.
The orc wizard is almost dead.
The gnoll hits you but does no damage. You block the orc wizard's attack.
You closely miss the orc wizard.
The orc wizard is almost dead.
The gnoll hits you but does no damage.
The orc wizard mumbles some strange words.
The orc wizard flickers and vanishes!
Deactivating autopickup; reactivate with Ctrl-A.
You closely miss something. You block the gnoll's attack.
You hear some strange, mumbled words.
You are confused.
You sock the gnoll!
The gnoll is almost dead.
Something hits you but does no damage. The gnoll closely misses you.
Something hits you but does no damage. The gnoll hits you with a spear.
You die...

.# ###.#..# # ..
#...#.## # #. #.# #.# #
#. #.# #.# ##.##.
#.###.#
.....######.##..# ##
#......##.##.##
.>..###)......##.###
......{@##.##......##
.######g##....#.##..####
##)((..##..###....#
#...(.....#######..
#.##.........# ### #..
#(.....##..# #.#
#......# .... ..
#(.....# ##. ..#
#......#


You could see a gnoll.

Vanquished Creatures
  The ghost of Zhenya25pyc the Shield-Bearer, an amateur HOFi of Kikubaaqudgha (D:3)
  A phantom (D:4)
  A centaur (D:5)
  2 ogres
  A giant frog (D:5)
  Natasha (thrice) (D:4)
  A hound zombie (D:5)
  8 adders
  2 gnolls (D:5)
  2 oozes
  4 giant geckos
  7 orcs
  5 giant cockroaches
  5 hobgoblins
  8 jackals
  A quokka (D:4)
  2 bats
  4 giant newts
  A goblin (D:1)
  5 kobolds
  10 rats
74 creatures vanquished.

Notes
Turn   | Place    | Note
--------------------------------------------------------------
     0 | D:1      | azaza322 the Gargoyle Fighter began the quest for the Orb.
     0 | D:1      | Reached XP level 1. HP: 14/14 MP: 1/1
   124 | D:1      | Reached XP level 2. HP: 12/19 MP: 2/2
   881 | D:1      | Reached XP level 3. HP: 23/23 MP: 3/3
   921 | D:2      | Reached skill level 1 in Dodging
   980 | D:2      | Reached skill level 4 in Shields
  1080 | D:2      | Reached XP level 4. HP: 26/28 MP: 4/4
  1179 | D:2      | Found a glowing golden altar of the Shining One.
  1392 | D:2      | Found a glowing golden altar of the Shining One.
  1485 | D:3      | Noticed Zhenya25pyc's ghost (amateur HOFi)
  1506 | D:3      | Killed Zhenya25pyc's ghost
  1506 | D:3      | Reached skill level 5 in Shields
  1506 | D:3      | Reached XP level 5. HP: 29/33 MP: 5/5
  1506 | D:3      | Reached XP level 6. HP: 33/38 MP: 6/6
  1618 | D:3      | Found an opulent altar of Gozag.
  1618 | D:3      | Found an iron altar of Okawaru.
  1626 | D:3      | Found a sparkling altar of Nemelex Xobeh.
  1965 | D:4      | Found a stormy altar of Qazlal.
  2064 | D:4      | Reached XP level 7. HP: 24/43 MP: 7/7
  2205 | D:4      | Noticed Natasha
  2210 | D:4      | Killed Natasha
  2333 | D:4      | Noticed Natasha
  2349 | D:4      | Killed Natasha
  2691 | D:4      | Noticed Natasha
  2698 | D:4      | Killed Natasha
  2753 | D:5      | Entered Level 5 of the Dungeon
  2975 | D:5      | HP: 1/43 [orc wizard/puff of flame (7)]
  2980 | D:5      | Slain by a gnoll

Action                   |  1- 3 |  4- 6 |  7- 9 || total
-------------------------+-------+-------+-------++-------
Melee: Flail             |   125 |   174 |    91 ||   390
  Use: Potion            |       |     2 |     3 ||     5
       Scroll            |       |     1 |     1 ||     2
  Eat: Chunk             |       |     4 |       ||     4
       Bread ration      |       |       |     1 ||     1
